 Dungeon Crawl Stone Soup version 0.28.0-47-ge53b351184 (webtiles) character file.

Game seed: 454537268851247606

4 pkoi the Insei (level 1, 0/17 HPs)
             Began as a Demigod Gladiator on May 3, 2022.
             Succumbed to a kobold's poison
             ... on level 1 of the Dungeon.
             The game lasted 00:00:34 (270 turns).

pkoi the Insei (Demigod Gladiator)                   Turns: 270, Time: 00:00:35

Health: 0/17       AC: 11    Str: 15    XL:     1   Next: 40%
Magic:  3/3        EV:  4    Int: 10    God:
Gold:   0          SH:  0    Dex: 15    Spells: 0/0 levels left

rFire   . . .      SeeInvis .     - Unarmed
rCold   . . .      Faith    .   (no shield)
rNeg    . . .      Spirit   .   f - +0 plate armour
rPois   .          Reflect  .   b - +0 helmet
rElec   .          Harm     .   (no cloak)
rCorr   .          Rampage  .   (no gloves)
Will    .....                   (no boots)
Stlth   ..........              (no amulet)
HPRegen 0.05/turn               (no ring)
MPRegen 0.08/turn               (no ring)

@: lethally poisoned (0 -> -6)
A: high MP 1, forlorn, divine attributes
a: no special abilities


You were on level 1 of the Dungeon.
You visited 1 branch of the dungeon, and saw 1 of its levels.

Inventory:

Hand Weapons
 g - a +1 short sword of venom
Missiles
 c - 3 throwing nets (quivered)
Armour
 a - a +0 leather armour
 b - a +0 helmet (worn)
 e - a +0 ring mail
 f - a +0 plate armour (worn)


   Skills:
 - Level 1.7 Fighting
 - Level 1.7 Throwing
 + Level 0.1 Armour
 - Level 2.6 Dodging
 * Level 2.9 Unarmed Combat


You couldn't memorise any spells.
You didn't know any spells.
Your spell library was empty.

Dungeon Overview and Level Annotations

Branches:
Dungeon (1/15)


Innate Abilities, Weirdness & Mutations

You have an increased reservoir of magic. (+10% MP)
You shall have no god before yourself.
Your divine heritage dramatically boosts your attributes as you level up.


Message History

f - a +0 plate armour You start removing your armour.
You continue taking off your +0 ring mail. x4
You finish taking off your +0 ring mail.
You start putting on your armour.
You continue putting on your +0 plate armour. x5
You finish putting on your +0 plate armour.
Unknown command.
You open the door.
A kobold comes into view.
It is wielding a +1 short sword of venom.
The kobold shouts!
A kobold is nearby!
A kobold is nearby!
There is an open door here.
You barely miss the kobold. You punch the kobold, but do no damage.
The kobold hits you but does no damage.
You are poisoned.
You closely miss the kobold.
You feel very sick. The kobold hits you but does no damage.
You are lethally poisoned!
You hit the kobold.
You kill the kobold!
* * * LOW HITPOINT WARNING * * *
You feel very sick.
* * * LOW HITPOINT WARNING * * *
You feel very sick.
You see here a +1 short sword of venom.
g - a +1 short sword of venom
* * * LOW HITPOINT WARNING * * *
You feel sick.
You aren't carrying any potions.
As you read the scroll labelled LETIOT FUHEKUU, it crumbles to dust.
It is a scroll of identify.
You don't have any unidentified items.
* * * LOW HITPOINT WARNING * * *
You feel sick.
* * * LOW HITPOINT WARNING * * *
You feel sick.
You die...

#.# ##.# #..# #.##..# ##.#
### ##.# ####.# ###.###.#
#..###.###..###....### ##...#
#.#
.......##.....##..#..###.#.##
#.#
....†.##........#.........##
#.#
.........#####............###
#.#
#.....####...####...........#
#.# ###'###
.......###....#...## #.#
..'.+ ..⌠....@.'.........#
#.# ###+#
.......###........## #.# #
#...####........#..###.# ###
............#....#
..#...#..##...####
##..###...##### ### #####


There were no monsters in sight!

Vanquished Creatures
  A giant cockroach (D:1)
  A goblin (D:1)
  A frilled lizard (D:1)
  A kobold (D:1)
4 creatures vanquished.

Notes
Turn   | Place    | Note
-------+----------+-------------------------------------------
     0 | D:1      | pkoi the Demigod Gladiator began the quest for the Orb.
     0 | D:1      | Reached XP level 1. HP: 17/17 MP: 3/3
   270 | D:1      | Succumbed to a kobold's poison

Illustrated notes

Levels and vault maps discovered:
D:1:      elethiomel_arrival_infinity_welcomes_careful_drivers, layout_basic,
          serial_shops, nicolae_shop_crystal, minmay_lizard_king

Action                   || total
-------------------------++-------
Melee: Unarmed           ||     9
       Punch             ||     1
  Use: Scroll            ||     1
Armor: Ring mail         ||     2
       Plate armour      ||     2
Dodge: Dodged            ||     2
